 Dungeon Crawl Stone Soup version 0.13.0-19-g8e0b589 (webtiles) character file.

166 Koneo the Gusty (level 4, -3/24 HPs)
             Began as a Deep Elf Air Elementalist on Oct 25, 2013.
             Slain by Sigmund
             ... wielding a +0,+1 scythe
              (9 damage)
             ... on Level 2 of the Dungeon.
             The game lasted 00:12:10 (1196 turns).

Koneo the Gusty (Deep Elf Air Elementalist)         Turns: 1196, Time: 00:12:11

HP  -3/24        AC  3     Str  5      XL: 4   Next:  7%
MP   2/12        EV 13     Int 21      God:
Gold 94          SH  0     Dex 15      Spells:  1 memorised,  6 levels left

Res.Fire  : + . .   See Invis. : .   e - +0 elf dagger
Res.Cold  : . . .   Warding    : .   a - +0 elf robe
Life Prot.: . . .   Conserve   : .   (no shield)
Res.Poison: .       Res.Corr.  : .   (no helmet)
Res.Elec. : .       Clarity    : +   (no cloak)
Sust.Abil.: . .     Spirit.Shd : .   (no gloves)
Res.Mut.  : .       Stasis     : .   h - +0 pair of boots
Res.Rott. : .       Flight     : .   w - amulet of clarity {unknown}
Saprovore : . . .                    (no ring)
                                     s - ring of protection from fire

@: slightly resistant to hostile enchantments, stealthy
A: no striking features
a: no special abilities


You were on level 2 of the Dungeon.
You were not hungry.

You visited 1 branch of the dungeon, and saw 2 of its levels.

You collected 74 gold pieces.

Inventory:

Hand weapons
 c - a +3,+1 short sword
 e - a +0,+0 elven dagger (weapon)
 p - a +0,+1 dwarven dagger
 u - a +0,+0 spear
Missiles
 g - 44 arrows
 i - 8 sling bullets of flame
 j - 12 bolts
 k - 68 darts (quivered)
 q - 6 bolts of frost
Armour
 a - a +0 elven robe (worn)
 h - a +0 pair of boots (worn)
 r - a +0 robe
Scrolls
 d - a scroll of curse weapon {unknown}
 l - 4 scrolls of identify {unknown}
 m - a scroll of teleportation {unknown}
 o - a scroll of magic mapping {unknown}
 v - 3 scrolls of blinking {unknown}
Jewellery
 s - a ring of protection from fire (left hand)
 w - an amulet of clarity (around neck) {unknown}
Potions
 f - a potion of resistance {unknown}
 n - a potion of restore abilities
 t - a potion of heal wounds {unknown}
Books
 b - a book of Air

   Spells                             Type                      Level
   *Shock                             Conjuration/Air              1
   Swiftness                          Charms/Air                   2
   Repel Missiles                     Charms/Air                   2
   Flight                             Charms/Air                   3
   Static Discharge                   Conjuration/Air              3
   Lightning Bolt                     Conjuration/Air              5


   Skills:
 + Level 1.0 Short Blades
 + Level 3.0 Dodging
 + Level 3.0 Stealth
 + Level 2.4 Spellcasting
 + Level 1.8 Conjurations
 + Level 3.7 Air Magic


You had 6 spell levels left.
You knew the following spells:

 Your Spells              Type           Power        Failure   Level  Hunger
a - Shock                 Conj/Air       ##..         6%          1    None


Dungeon Overview and Level Annotations

Branches:
Dungeon (2/27)

Altars:
Xom

Annotations:
D:2 Sigmund


Message History

The puff of flame misses you.
Casting: Shock
Confirm with . or Enter, or press ? or * to list all spells.
You don't know that spell.
Sigmund gestures at you while chanting. The puff of flame hits you! You resist.
You are wearing:
s - a ring of protection from fire (left hand)
Found a stone staircase leading up.
Sigmund hits you from afar with a scythe!
Ouch! That really hurt!
* * * LOW HITPOINT WARNING * * *
Found a chain mail.
Sigmund barely misses you.
You see here a short sword.
You closely miss Sigmund.
Sigmund is lightly wounded.
You hit Sigmund.
Sigmund is lightly wounded.
Sigmund hits you with a scythe!
You die...

#.# #.#.# # #.#.## #.
###.... .### #..[..# .
..# #.#...# #.## #.#
#.#...#
#..####.####.#...#####.
#.............@@.......
#..####.####.#..%.....#
#..........<.#..##.<#.
...####.###..#..# .#
####.####.# #..#..#
........#.###..#..##.
####.#................
#.##.#.###......#..
#.####.###.........


You could see Sigmund.

Vanquished Creatures
  4 gnolls (D:2)
  8 bats
  A giant cockroach (D:1)
  5 goblins
  4 hobgoblins (D:1)
  2 giant newts (D:1)
  3 kobolds
  4 rats (D:1)
31 creatures vanquished.

Notes
Turn   | Place    | Note
--------------------------------------------------------------
     0 | D:1      | Koneo, the Deep Elf Air Elementalist, began the quest for the Orb.
     0 | D:1      | Reached XP level 1. HP: 10/10 MP: 4/4
   253 | D:1      | Reached XP level 2. HP: 12/15 MP: 1/6
   296 | D:1      | Found a shimmering altar of Xom.
   572 | D:1      | Found a shimmering altar of Xom.
   572 | D:1      | Found a shimmering altar of Xom.
   572 | D:1      | Found a shimmering altar of Xom.
   573 | D:1      | Found a shimmering altar of Xom.
   574 | D:1      | Found a shimmering altar of Xom.
   907 | D:2      | Reached XP level 3. HP: 19/19 MP: 3/9
   917 | D:2      | Reached skill level 1 in Short Blades
  1159 | D:2      | Reached XP level 4. HP: 20/24 MP: 1/12
  1187 | D:2      | Noticed Sigmund
  1196 | D:2      | Slain by Sigmund

Action                   |  1- 3 |  4- 6 || total
-------------------------+-------+-------++-------
Melee: Dagger            |    59 |     2 ||    61
       Unarmed           |     2 |       ||     2
Throw: Dart              |     3 |       ||     3
 Cast: Shock             |    55 |     5 ||    60
  Use: Potion            |     1 |       ||     1
